Predators vs Sabres
(R1)
Created - October 24, 2023 at 19:11
Goals
|
| Predators |
1 |
1 |
3 |
5 |
| Sabres |
1 |
1 |
1 |
3 |
|
Shots
|
| Predators |
11 |
10 |
9 |
30 |
| Sabres |
14 |
11 |
16 |
41 |
|
1st period
1. Predators , Claude Giroux 2 (Ryan Mcdonagh 3, Jack Eichel 4) at 15:01
2. Sabres , Evgeni Malkin 1 (William Nylander 1) at 17:06
Penalties :
Ryan Kesler (Buf) for Tripping (Minor) at 3:24, Ben Hutton (Buf) for Interference (Minor) at 8:50, Alexander Ovechkin (Nas) for Elbowing (Minor) at 17:54
2nd period
3. Predators , Reilly Smith 1 (Andy Miele 2, Justin Faulk 3) at 6:45
4. Sabres , Adrian Kempe 2 (Nate Schmidt 1, Colton Parayko 3) at 18:31
Penalties :
Justin Faulk (Nas) for High sticking (Minor) at 1:14, William Nylander (Buf) for High sticking (Minor) at 1:41, Reilly Smith (Nas) for Tripping (Minor) at 11:30
3rd period
5. Predators , Mikael Granlund 4 (Justin Faulk 4, Claude Giroux 5) at 0:50 (PP)
6. Predators , Mikael Granlund 5 (Claude Giroux 6, Jack Eichel 5) at 5:45 (PP)
7. Sabres , Tyler Johnson 4 (Teuvo Teravainen 3, Sidney Crosby 6) at 18:12
8. Predators , Mark Pysyk 2 (Claude Giroux 7, John Moore 1) at 19:33 (Empty Net)
Penalties :
Nikita Zaitsev (Buf) for Roughing (Minor) at 0:41, Andy Miele (Nas) for Interference (Minor) at 1:14, Evgeni Malkin (Buf) for Holding (Minor) at 5:42, Teuvo Teravainen (Buf) for Slashing (Minor) at 5:52, Nikita Zaitsev (Buf) for Slashing (Minor) at 8:31, Logan Couture (Buf) for Tripping (Minor) at 19:34
Goalie Stats
Kari Lehtonen (Nas), 38 saves from 41 shots - (0.927), W, 1-0-0, 60:00 minutes
John Gibson (Buf), 25 saves from 29 shots - (0.862), L, 3-1-0, 59:16 minutes
Players Stats for Predators
Player Name G A P +/- PIM S H SB GA TA FO MP PP MP PK MP
------------------------------------------------------------------------------------
Alexander Ovechkin 0 0 0 1 2 2 4 1 0 0 0/0 15:23 3:56 0:43
Andreas Englund 0 0 0 -1 0 0 0 1 0 0 0/0 9:35 0:00 0:00
Andy Miele 0 1 1 1 2 2 3 0 0 0 8/16 16:37 4:04 1:57
Anton Gustafsson 0 0 0 0 0 0 0 0 0 0 1/3 7:27 0:00 1:02
Claude Giroux 1 3 4 0 0 3 1 0 2 0 0/2 21:43 4:49 0:21
Jack Eichel 0 2 2 -1 0 2 3 0 1 0 15/31 20:32 4:49 0:00
Jaden Schwartz 0 0 0 0 0 1 0 1 0 1 3/7 15:10 0:15 3:34
Joel Armia 0 0 0 0 0 0 1 0 1 0 0/0 6:11 0:00 0:00
John Moore 0 1 1 1 0 1 1 1 0 0 0/0 19:51 3:47 2:44
Josh Morrissey 0 0 0 0 0 2 0 2 1 0 0/0 20:00 3:47 3:11
Justin Faulk 0 2 2 0 2 1 3 1 1 1 0/0 29:08 5:21 3:13
Mark Pysyk 1 0 1 0 0 1 0 1 0 1 0/1 14:38 0:00 3:35
Mikael Granlund 2 0 2 -1 0 9 3 0 1 0 1/2 21:10 4:56 0:00
Nicolas Kerdiles 0 0 0 0 0 1 1 0 0 0 0/0 7:53 0:00 1:36
Reilly Smith 1 0 1 1 2 4 0 0 0 0 0/0 14:17 3:56 0:00
Ryan Mcdonagh 0 1 1 1 0 0 2 3 1 1 0/0 30:52 5:13 3:40
Scott Laughton 0 0 0 -1 0 1 1 0 0 0 1/5 10:52 0:07 0:00
Travis Dermott 0 0 0 -1 0 0 0 0 0 1 0/0 10:41 0:00 0:00
Players Stats for Sabres
Player Name G A P +/- PIM S H SB GA TA FO MP PP MP PK MP
------------------------------------------------------------------------------------
Aaron Ekblad 0 0 0 -2 0 3 1 0 1 0 0/0 26:18 3:37 1:04
Adrian Kempe 1 0 1 1 0 3 0 0 0 0 0/0 13:28 2:47 1:39
Ben Hutton 0 0 0 -1 2 0 1 1 0 2 0/0 22:30 0:00 3:27
Brian Ferlin 0 0 0 -1 0 4 3 0 0 0 0/0 14:25 0:00 5:04
Colton Parayko 0 1 1 1 0 3 2 1 0 2 0/0 23:02 3:37 4:38
Evgeni Malkin 1 0 1 1 2 2 2 0 1 0 7/15 14:31 2:34 0:05
Kyle Okposo 0 0 0 1 0 2 0 0 0 0 0/0 10:20 0:03 2:17
Logan Couture 0 0 0 1 2 3 0 0 0 1 5/7 10:22 0:06 2:17
Morgan Rielly 0 0 0 0 0 0 0 0 0 0 0/0 15:56 2:47 1:40
Nate Schmidt 0 1 1 2 0 1 1 0 0 0 0/0 16:06 0:00 4:25
Nikita Zaitsev 0 0 0 0 4 2 0 0 2 0 0/0 12:27 0:00 2:46
Ryan Kesler 0 0 0 -1 2 0 1 1 0 1 0/0 8:02 0:00 0:00
Sam Gagner 0 0 0 1 0 2 1 0 0 1 0/0 13:47 2:34 0:00
Sidney Crosby 0 1 1 -1 0 3 2 0 0 0 15/26 19:07 3:47 0:00
Teuvo Teravainen 0 1 1 -1 2 4 1 0 0 0 1/2 19:56 3:47 1:05
Tyler Johnson 1 0 1 -1 0 5 1 0 0 0 1/2 19:07 3:47 0:00
William Karlsson 0 0 0 -1 0 2 0 0 1 1 9/15 14:34 0:00 5:11
William Nylander 0 1 1 1 2 2 0 1 0 0 0/0 15:22 2:33 0:22
3 Stars
1 - Claude Giroux (Nas)
2 - Mikael Granlund (Nas)
3 - Ryan Mcdonagh (Nas)
Power Play
Predators - 2 on 8 Attempt(s) - 25.00%
Sabres - 0 on 4 Attempt(s) - 0.00%
Penalty Kill
Predators - 4 on 4 Attempt(s) - 100.00%
- Score 0 goal in Penalty Kill
Sabres - 6 on 8 Attempt(s) - 75.00%
- Score 0 goal in Penalty Kill
Team Stat
Predators - Hits : 23 - Faceoff Wins : 29 - Blocked Shots : 11 - Penalty Minutes : 8
Sabres - Hits : 16 - Faceoff Wins : 38 - Blocked Shots : 4 - Penalty Minutes : 16
Official
Referees : Dan Kelly and Jacob Brenk
Linesman : Steve Miller and Ryan Daisy
Game Notes
Mark Pysyk has scored in a empty net!
Finance
Level 1 -- Attendance: 6000 (100.00%) -- Ticket Income $600,000
Level 2 -- Attendance: 5000 (100.00%) -- Ticket Income $300,000
Level 3 -- Attendance: 1805 (90.25%) -- Ticket Income $63,175
Level 4 -- Attendance: 4000 (100.00%) -- Ticket Income $100,000
Luxury Box -- Attendance: 968 (96.80%) -- Ticket Income $193,600
Game was played at the Key Bank Center.
Total Attendance: 17773 (98.74%)
Total Ticket Income: $1,256,775
Other Income: $188,516
Total Income: $1,445,291
Predators
5 vs 5 Forward
Center Left Wing Right Wing Time % Phy DF OF
1 Jack Eichel Claude Giroux Mikael Granlund 40 1 2 2
2 Andy Miele Alexander Ovechkin Reilly Smith 30 1 2 2
3 Scott Laughton Jaden Schwartz Mark Pysyk 20 1 2 2
4 Anton Gustafsson Nicolas Kerdiles Joel Armia 10 2 2 1
5 vs 5 Defense
Defense Defense Time % Phy DF OF
1 Ryan Mcdonagh Justin Faulk 40 1 2 2
2 John Moore Josh Morrissey 30 1 2 2
3 Andreas Englund Travis Dermott 20 1 2 2
4 Ryan Mcdonagh Justin Faulk 10 1 2 2
PowerPlay Forward
Center Left Wing Right Wing Time % Phy DF OF
1 Jack Eichel Claude Giroux Mikael Granlund 60 1 1 3
2 Andy Miele Alexander Ovechkin Reilly Smith 40 1 1 3
PowerPlay Defense
Defense Defense Time % Phy DF OF
1 Ryan Mcdonagh Justin Faulk 60 1 2 2
2 John Moore Josh Morrissey 40 1 2 2
Penalty Kill 4 Players Forward
Center Wing Time % Phy DF OF
1 Jaden Schwartz Mark Pysyk 60 1 2 2
2 Andy Miele Nicolas Kerdiles 40 1 2 2
Penalty Kill 4 Players Defense
Defense Defense Time % Phy DF OF
1 Ryan Mcdonagh Justin Faulk 60 1 3 1
2 John Moore Josh Morrissey 40 1 3 1
Penalty Kill - 3 Players Forward
Forward Time % Phy DF OF
1 Jaden Schwartz 60 1 3 1
2 Mark Pysyk 40 1 3 1
Penalty Kill - 3 Players Defense
Defense Defense Time % Phy DF OF
1 Ryan Mcdonagh Justin Faulk 60 1 3 1
2 John Moore Josh Morrissey 40 1 3 1
4 vs 4 Forward
Center Wing Time % Phy DF OF
1 Mikael Granlund Claude Giroux 60 1 2 2
2 Jack Eichel Alexander Ovechkin 40 1 2 2
4 vs 4 Defense
Defense Defense Time % Phy DF OF
1 Ryan Mcdonagh Justin Faulk 60 1 2 2
2 John Moore Josh Morrissey 40 1 2 2
Last Minutes Offensive
Center Left Wing Right Wing Defense Defense
Mikael Granlund Alexander Ovechkin Claude Giroux Ryan Mcdonagh Justin Faulk
Last Minutes Defensive
Center Left Wing Right Wing Defense Defense
Claude Giroux Jaden Schwartz Mark Pysyk Ryan Mcdonagh John Moore
Goaltenders
Starting : Kari Lehtonen
Backup : Michal Neuvirth
Extra Forwards
Normal : Jaden Schwartz, Andy Miele, Scott Laughton - PP : Andy Miele, Scott Laughton - PK : Andy Miele
Extra Defensemen
Normal : Travis Dermott, Andreas Englund, John Moore - PP : Travis Dermott - PK : Josh Morrissey, Andreas Englund
Penalty Shots
Claude Giroux, Jaden Schwartz, Alexander Ovechkin, Ryan Mcdonagh, Jack Eichel
Custom OT Lines Forwards
Claude Giroux, Mikael Granlund, Alexander Ovechkin, Jack Eichel, Jaden Schwartz, Reilly Smith, Andy Miele, Mark Pysyk, Scott Laughton, Nicolas Kerdiles
Custom OT Lines Defensemen
Ryan Mcdonagh, John Moore, Justin Faulk, Josh Morrissey, Travis Dermott
Scratches
None
Sabres
5 vs 5 Forward
Center Left Wing Right Wing Time % Phy DF OF
1 Sidney Crosby Teuvo Teravainen Tyler Johnson 40 1 2 2
2 Evgeni Malkin William Nylander Sam Gagner 30 1 2 2
3 Logan Couture Adrian Kempe Kyle Okposo 20 1 2 2
4 William Karlsson Ryan Kesler Brian Ferlin 10 1 2 2
5 vs 5 Defense
Defense Defense Time % Phy DF OF
1 Ben Hutton Aaron Ekblad 40 1 2 2
2 Nate Schmidt Colton Parayko 30 1 2 2
3 Morgan Rielly Nikita Zaitsev 20 1 2 2
4 Aaron Ekblad Colton Parayko 10 1 2 2
PowerPlay Forward
Center Left Wing Right Wing Time % Phy DF OF
1 Sidney Crosby Teuvo Teravainen Tyler Johnson 60 1 2 2
2 Evgeni Malkin William Nylander Sam Gagner 40 1 2 2
PowerPlay Defense
Defense Defense Time % Phy DF OF
1 Aaron Ekblad Colton Parayko 60 1 2 2
2 Adrian Kempe Morgan Rielly 40 1 2 2
Penalty Kill 4 Players Forward
Center Wing Time % Phy DF OF
1 William Karlsson Brian Ferlin 60 1 2 2
2 Logan Couture Kyle Okposo 40 1 2 2
Penalty Kill 4 Players Defense
Defense Defense Time % Phy DF OF
1 Ben Hutton Colton Parayko 60 1 2 2
2 Nate Schmidt Nikita Zaitsev 40 1 2 2
Penalty Kill - 3 Players Forward
Forward Time % Phy DF OF
1 William Karlsson 60 1 2 2
2 Logan Couture 40 1 2 2
Penalty Kill - 3 Players Defense
Defense Defense Time % Phy DF OF
1 Ben Hutton Colton Parayko 60 1 2 2
2 Nate Schmidt Nikita Zaitsev 40 1 2 2
4 vs 4 Forward
Center Wing Time % Phy DF OF
1 Sidney Crosby Tyler Johnson 60 1 2 2
2 Evgeni Malkin Teuvo Teravainen 40 1 2 2
4 vs 4 Defense
Defense Defense Time % Phy DF OF
1 Morgan Rielly Aaron Ekblad 60 1 2 2
2 Ben Hutton Colton Parayko 40 1 2 2
Last Minutes Offensive
Center Left Wing Right Wing Defense Defense
Sidney Crosby Teuvo Teravainen Tyler Johnson Aaron Ekblad Colton Parayko
Last Minutes Defensive
Center Left Wing Right Wing Defense Defense
Sidney Crosby Logan Couture Brian Ferlin Nikita Zaitsev Colton Parayko
Goaltenders
Starting : John Gibson
Backup : Cam Talbot
Extra Forwards
Normal : Sidney Crosby, Tyler Johnson, Evgeni Malkin - PP : Logan Couture, Kyle Okposo - PK : Adrian Kempe
Extra Defensemen
Normal : Aaron Ekblad, Colton Parayko, Morgan Rielly - PP : Nikita Zaitsev - PK : Nate Schmidt, Morgan Rielly
Penalty Shots
Sidney Crosby, Tyler Johnson, Teuvo Teravainen, William Nylander, Adrian Kempe
Custom OT Lines Forwards
Sidney Crosby, Tyler Johnson, Evgeni Malkin, Teuvo Teravainen, William Nylander, Adrian Kempe, Sam Gagner, Kyle Okposo, Logan Couture, William Karlsson
Custom OT Lines Defensemen
Aaron Ekblad, Colton Parayko, Morgan Rielly, Ben Hutton, Nikita Zaitsev
Scratches
Ryan Dzingel (Healthy)
% Time on Ice - Predators
Lines # - Real PCT - Wanted PCT - Time Play
Normal Forward
1 - 36% - 40% - 15:30
2 - 24% - 30% - 10:20
3 - 25% - 20% - 10:45
4 - 14% - 10% - 6:11
Normal Defense
1 - 43% - 40% - 18:12
2 - 29% - 30% - 12:36
3 - 22% - 20% - 9:35
4 - 6% - 10% - 2:23
PP Forward
1 - 56% - 60% - 5:04
2 - 44% - 40% - 3:56
PP Defense
1 - 58% - 60% - 5:13
2 - 42% - 40% - 3:47
PK Forward
1 - 75% - 60% - 4:48
2 - 25% - 40% - 1:36
PK Defense
1 - 57% - 60% - 3:40
2 - 43% - 40% - 2:44
PK3 Forward
1 - 0% - 60%
2 - 0% - 40%
PK3 Defense
1 - 0% - 60%
2 - 0% - 40%
44 Forward
1 - 76% - 60% - 1:10
2 - 24% - 40% - 0:22
44 Defense
1 - 72% - 60% - 1:06
2 - 28% - 40% - 0:26
Last Minute Offensive - 0:00
Last Minute Defensive - 0:18
Total
Forward - 60:00
Defense - 60:00
|
% Time on Ice - Sabres
Lines # - Real PCT - Wanted PCT - Time Play
Normal Forward
1 - 36% - 40% - 15:00
2 - 27% - 30% - 11:13
3 - 19% - 20% - 8:00
4 - 19% - 10% - 8:02
Normal Defense
1 - 44% - 40% - 18:28
2 - 30% - 30% - 12:41
3 - 22% - 20% - 9:26
4 - 4% - 10% - 1:40
PP Forward
1 - 60% - 60% - 3:50
2 - 40% - 40% - 2:34
PP Defense
1 - 57% - 60% - 3:37
2 - 43% - 40% - 2:47
PK Forward
1 - 75% - 60% - 6:43
2 - 25% - 40% - 2:17
PK Defense
1 - 57% - 60% - 5:09
2 - 43% - 40% - 3:51
PK3 Forward
1 - 0% - 60%
2 - 0% - 40%
PK3 Defense
1 - 0% - 60%
2 - 0% - 40%
44 Forward
1 - 77% - 60% - 1:11
2 - 23% - 40% - 0:21
44 Defense
1 - 52% - 60% - 0:48
2 - 48% - 40% - 0:44
Last Minute Offensive - 0:49
Last Minute Defensive - 0:00
Total
Forward - 60:00
Defense - 60:00
|
Play-by-Play
1st period
0:01 of 1st period - Mikael Granlund wins face-off versus Sidney Crosby in neutral zone.
0:37 of 1st period - Snap shot by Alexander Ovechkin.
0:37 of 1st period - Deflect By Reilly Smith.
0:37 of 1st period - Stopped by John Gibson with a rebound.
0:51 of 1st period - Slapshot by Kyle Okposo.
0:51 of 1st period - Stopped by Kari Lehtonen without a rebound.
0:52 of 1st period - Logan Couture wins face-off versus Anton Gustafsson in Predators zone.
0:57 of 1st period - Slapshot by Logan Couture.
0:57 of 1st period - Stopped by Kari Lehtonen with a rebound.
0:59 of 1st period - Wrist shot by Kyle Okposo.
0:59 of 1st period - Shot Blocked by Andreas Englund.
1:10 of 1st period - Snap shot by Logan Couture.
1:10 of 1st period - Stopped by Kari Lehtonen without a rebound.
1:11 of 1st period - William Karlsson wins face-off versus Jack Eichel in Predators zone.
1:38 of 1st period - Tyler Johnson is hit by Alexander Ovechkin.
1:46 of 1st period - Wrist shot by Sidney Crosby.
1:46 of 1st period - Shot Misses the Net.
1:48 of 1st period - Snap shot by Teuvo Teravainen.
1:48 of 1st period - Shot Misses the Net.
2:21 of 1st period - Snap shot by Kyle Okposo.
2:21 of 1st period - Shot Blocked by John Moore.
2:23 of 1st period - Snap shot by Logan Couture.
2:23 of 1st period - Shot Blocked by Josh Morrissey.
2:49 of 1st period - Snap shot by Mikael Granlund.
2:49 of 1st period - Stopped by John Gibson with a rebound.
2:51 of 1st period - Slapshot by Josh Morrissey.
2:51 of 1st period - Stopped by John Gibson with a rebound.
3:07 of 1st period - Andreas Englund is hit by Aaron Ekblad and loses puck.
3:24 of 1st period - Minor Penalty to Ryan Kesler for Tripping.
3:25 of 1st period - William Karlsson wins face-off versus Jack Eichel in Sabres zone.
3:38 of 1st period - Wrist shot by Brian Ferlin.
3:38 of 1st period - Deflect By Justin Faulk.
3:38 of 1st period - Stopped by Kari Lehtonen with a rebound.
3:52 of 1st period - Logan Couture is hit by Andy Miele and loses puck.
3:57 of 1st period - Snap shot by Reilly Smith.
3:57 of 1st period - Stopped by John Gibson with a rebound.
5:24 of 1st period - Penalty to Ryan Kesler is over, Ryan Kesler is back on ice.
5:32 of 1st period - Slapshot by William Nylander.
5:32 of 1st period - Shot Misses the Net.
6:00 of 1st period - Snap shot by Nicolas Kerdiles.
6:00 of 1st period - Shot Misses the Net.
6:17 of 1st period - Logan Couture is hit by Scott Laughton and loses puck.
6:49 of 1st period - Snap shot by William Nylander.
6:49 of 1st period - Deflect By Evgeni Malkin.
6:49 of 1st period - Shot Blocked by Ryan Mcdonagh.
6:49 of 1st period - Puck is out of play.
6:50 of 1st period - Jack Eichel wins face-off versus Teuvo Teravainen in Predators zone.
7:09 of 1st period - Claude Giroux is hit by Nate Schmidt and loses puck.
7:28 of 1st period - Mark Pysyk is hit by Sam Gagner and loses puck.
8:10 of 1st period - Slapshot by William Karlsson.
8:10 of 1st period - Shot Misses the Net.
8:12 of 1st period - Snap shot by Brian Ferlin.
8:12 of 1st period - Shot Misses the Net.
8:14 of 1st period - Wrist shot by William Karlsson.
8:14 of 1st period - Stopped by Kari Lehtonen without a rebound.
8:15 of 1st period - Sidney Crosby wins face-off versus Jack Eichel in Predators zone.
8:16 of 1st period - Wrist shot by Teuvo Teravainen.
8:16 of 1st period - Deflect By Tyler Johnson.
8:16 of 1st period - Shot Blocked by Josh Morrissey.
8:16 of 1st period - Puck is out of play.
8:17 of 1st period - Jack Eichel wins face-off versus Sidney Crosby in Predators zone.
8:24 of 1st period - Aaron Ekblad is hit by Jack Eichel and loses puck.
8:50 of 1st period - Minor Penalty to Ben Hutton for Interference.
8:51 of 1st period - Jack Eichel wins face-off versus William Karlsson in Sabres zone.
9:18 of 1st period - Nate Schmidt is hit by Andy Miele and loses puck.
9:31 of 1st period - Wrist shot by Kyle Okposo.
9:31 of 1st period - Stopped by Kari Lehtonen with a rebound.
9:37 of 1st period - Colton Parayko is hit by Alexander Ovechkin and loses puck.
10:50 of 1st period - Penalty to Ben Hutton is over, Ben Hutton is back on ice.
11:16 of 1st period - Justin Faulk is hit by Colton Parayko and loses puck.
11:23 of 1st period - Wrist shot by Jaden Schwartz.
11:23 of 1st period - Shot Blocked by Colton Parayko.
11:45 of 1st period - Off-side.
11:46 of 1st period - Evgeni Malkin wins face-off versus Andy Miele in neutral zone.
11:48 of 1st period - Aaron Ekblad is hit by John Moore and loses puck.
11:54 of 1st period - Off-side.
11:55 of 1st period - Andy Miele wins face-off versus Evgeni Malkin in neutral zone.
11:58 of 1st period - Wrist shot by Alexander Ovechkin.
11:58 of 1st period - Stopped by John Gibson without a rebound.
11:59 of 1st period - Sidney Crosby wins face-off versus Claude Giroux in Sabres zone.
12:03 of 1st period - Aaron Ekblad is hit by Mikael Granlund and loses puck.
12:34 of 1st period - Backhand shot by Andy Miele.
12:34 of 1st period - Stopped by John Gibson with a rebound.
12:36 of 1st period - Slapshot by Andy Miele.
12:36 of 1st period - Stopped by John Gibson with a rebound.
12:38 of 1st period - Snap shot by Alexander Ovechkin.
12:38 of 1st period - Stopped by John Gibson with a rebound.
12:56 of 1st period - Colton Parayko is hit by Ryan Mcdonagh and loses puck.
13:03 of 1st period - Wrist shot by Adrian Kempe.
13:03 of 1st period - Shot Misses the Net.
13:37 of 1st period - Snap shot by Teuvo Teravainen.
13:37 of 1st period - Stopped by Kari Lehtonen without a rebound.
13:38 of 1st period - Jack Eichel wins face-off versus Sidney Crosby in Predators zone.
14:16 of 1st period - Snap shot by Jack Eichel.
14:16 of 1st period - Shot Misses the Net.
14:28 of 1st period - Aaron Ekblad is hit by Mikael Granlund.
14:35 of 1st period - Slapshot by Josh Morrissey.
14:35 of 1st period - Stopped by John Gibson without a rebound.
14:36 of 1st period - Sidney Crosby wins face-off versus Andy Miele in Sabres zone.
14:43 of 1st period - Snap shot by Sidney Crosby.
14:43 of 1st period - Stopped by Kari Lehtonen without a rebound.
14:44 of 1st period - Sidney Crosby wins face-off versus Andy Miele in Predators zone.
14:45 of 1st period - Snap shot by Tyler Johnson.
14:45 of 1st period - Deflect By Teuvo Teravainen.
14:45 of 1st period - Shot Misses the Net.
14:45 of 1st period - Puck is out of play.
14:46 of 1st period - Sidney Crosby wins face-off versus Andy Miele in Predators zone.
14:49 of 1st period - Snap shot by Teuvo Teravainen.
14:49 of 1st period - Stopped by Kari Lehtonen with a rebound.
14:51 of 1st period - Slapshot by Colton Parayko.
14:51 of 1st period - Shot Blocked by Alexander Ovechkin.
14:53 of 1st period - Snap shot by Colton Parayko.
14:53 of 1st period - Stopped by Kari Lehtonen without a rebound.
14:54 of 1st period - Jack Eichel wins face-off versus Sidney Crosby in Predators zone.
15:01 of 1st period - Snap shot by Claude Giroux.
15:01 of 1st period - Goal by Claude Giroux - Predators : 1 - Sabres : 0.
15:02 of 1st period - Tyler Johnson wins face-off versus Jack Eichel in neutral zone.
15:18 of 1st period - Snap shot by Sidney Crosby.
15:18 of 1st period - Deflect By Tyler Johnson.
15:18 of 1st period - Deflect By Mikael Granlund.
15:18 of 1st period - Shot Misses the Net.
15:18 of 1st period - Puck is out of play.
15:19 of 1st period - Andy Miele wins face-off versus Evgeni Malkin in Predators zone.
16:41 of 1st period - Nicolas Kerdiles is hit by Brian Ferlin and loses puck.
17:02 of 1st period - Snap shot by Sam Gagner.
17:02 of 1st period - Stopped by Kari Lehtonen without a rebound.
17:03 of 1st period - Evgeni Malkin wins face-off versus Jack Eichel in Predators zone.
17:06 of 1st period - Snap shot by Evgeni Malkin.
17:06 of 1st period - Goal by Evgeni Malkin - Predators : 1 - Sabres : 1.
17:07 of 1st period - Jack Eichel wins face-off versus Sidney Crosby in neutral zone.
17:10 of 1st period - Slapshot by Justin Faulk.
17:10 of 1st period - Stopped by John Gibson without a rebound.
17:11 of 1st period - Sidney Crosby wins face-off versus Jack Eichel in Sabres zone.
17:11 of 1st period - Sidney Crosby is hit by Justin Faulk.
17:45 of 1st period - Alexander Ovechkin is hit by Evgeni Malkin and loses puck.
17:54 of 1st period - Minor Penalty to Alexander Ovechkin for Elbowing.
17:55 of 1st period - Jaden Schwartz wins face-off versus Sidney Crosby in Predators zone.
18:01 of 1st period - Icing by Tyler Johnson.
18:02 of 1st period - Sidney Crosby wins face-off versus Jaden Schwartz in Sabres zone.
18:07 of 1st period - Wrist shot by Aaron Ekblad.
18:07 of 1st period - Shot Blocked by Mark Pysyk.
18:09 of 1st period - Slapshot by Colton Parayko.
18:09 of 1st period - Stopped by Kari Lehtonen with a rebound.
18:11 of 1st period - Slapshot by Aaron Ekblad.
18:11 of 1st period - Shot Blocked by Jaden Schwartz.
18:27 of 1st period - Snap shot by Teuvo Teravainen.
18:27 of 1st period - Stopped by Kari Lehtonen with a rebound.
18:41 of 1st period - Slapshot by Tyler Johnson.
18:41 of 1st period - Deflect By Jaden Schwartz.
18:41 of 1st period - Shot Misses the Net.
18:41 of 1st period - Puck is out of play.
18:42 of 1st period - Jaden Schwartz wins face-off versus Evgeni Malkin in Predators zone.
19:54 of 1st period - Penalty to Alexander Ovechkin is over, Alexander Ovechkin is back on ice.
Goals for this period are 1 for Predators vs 1 for Sabres.
Shots for this period are 11 for Predators vs 14 for Sabres.
2nd period
0:01 of 2nd period - Jack Eichel wins face-off versus Sidney Crosby in neutral zone.
0:26 of 2nd period - Nate Schmidt is hit by Alexander Ovechkin.
0:53 of 2nd period - Off-side.
0:54 of 2nd period - William Karlsson wins face-off versus Jack Eichel in neutral zone.
1:09 of 2nd period - Backhand shot by Brian Ferlin.
1:09 of 2nd period - Shot Misses the Net.
1:14 of 2nd period - Minor Penalty to Justin Faulk for High sticking.
1:15 of 2nd period - Sidney Crosby wins face-off versus Jaden Schwartz in Predators zone.
1:41 of 2nd period - Minor Penalty to William Nylander for High sticking.
1:42 of 2nd period - Sidney Crosby wins face-off versus Mikael Granlund in Sabres zone.
2:56 of 2nd period - Slapshot by Evgeni Malkin.
2:56 of 2nd period - Stopped by Kari Lehtonen with a rebound.
3:14 of 2nd period - Penalty to Justin Faulk is over, Justin Faulk is back on ice.
3:25 of 2nd period - Snap shot by Josh Morrissey.
3:25 of 2nd period - Deflect By Reilly Smith.
3:25 of 2nd period - Shot Misses the Net.
3:25 of 2nd period - Puck is out of play.
3:26 of 2nd period - William Karlsson wins face-off versus Andy Miele in Sabres zone.
3:41 of 2nd period - Penalty to William Nylander is over, William Nylander is back on ice.
3:54 of 2nd period - Icing by William Nylander.
3:55 of 2nd period - William Karlsson wins face-off versus Jack Eichel in Sabres zone.
4:00 of 2nd period - Jack Eichel is hit by Brian Ferlin and loses puck.
4:14 of 2nd period - Snap shot by Brian Ferlin.
4:14 of 2nd period - Stopped by Kari Lehtonen with a rebound.
4:16 of 2nd period - Snap shot by Aaron Ekblad.
4:16 of 2nd period - Deflect By Mikael Granlund.
4:16 of 2nd period - Stopped by Kari Lehtonen with a rebound.
4:26 of 2nd period - Snap shot by Mikael Granlund.
4:26 of 2nd period - Stopped by John Gibson with a rebound.
4:48 of 2nd period - Wrist shot by William Karlsson.
4:48 of 2nd period - Shot Misses the Net.
4:50 of 2nd period - Slapshot by Aaron Ekblad.
4:50 of 2nd period - Deflect By Claude Giroux.
4:50 of 2nd period - Stopped by Kari Lehtonen without a rebound.
4:51 of 2nd period - Andy Miele wins face-off versus Sidney Crosby in Predators zone.
5:41 of 2nd period - Morgan Rielly is hit by Joel Armia and loses puck.
6:02 of 2nd period - Tyler Johnson is hit by Andy Miele and loses puck.
6:45 of 2nd period - Wrist shot by Reilly Smith.
6:45 of 2nd period - Goal by Reilly Smith - Predators : 2 - Sabres : 1.
6:46 of 2nd period - Evgeni Malkin wins face-off versus Jack Eichel in neutral zone.
6:55 of 2nd period - Slapshot by Claude Giroux.
6:55 of 2nd period - Stopped by John Gibson with a rebound.
7:01 of 2nd period - Wrist shot by Mikael Granlund.
7:01 of 2nd period - Stopped by John Gibson with a rebound.
7:03 of 2nd period - Snap shot by Claude Giroux.
7:03 of 2nd period - Stopped by John Gibson with a rebound.
7:19 of 2nd period - Wrist shot by Jaden Schwartz.
7:19 of 2nd period - Stopped by John Gibson with a rebound.
8:03 of 2nd period - Wrist shot by Adrian Kempe.
8:03 of 2nd period - Stopped by Kari Lehtonen with a rebound.
9:07 of 2nd period - Icing by John Moore.
9:08 of 2nd period - Andy Miele wins face-off versus William Karlsson in Predators zone.
9:23 of 2nd period - Wrist shot by Jack Eichel.
9:23 of 2nd period - Shot Misses the Net.
10:38 of 2nd period - Slapshot by Jaden Schwartz.
10:38 of 2nd period - Shot Blocked by Ryan Kesler.
10:44 of 2nd period - Jaden Schwartz is hit by Brian Ferlin and loses puck.
10:59 of 2nd period - Snap shot by William Karlsson.
10:59 of 2nd period - Stopped by Kari Lehtonen with a rebound.
11:03 of 2nd period - Wrist shot by Brian Ferlin.
11:03 of 2nd period - Stopped by Kari Lehtonen without a rebound.
11:04 of 2nd period - Teuvo Teravainen wins face-off versus Jack Eichel in Predators zone.
11:30 of 2nd period - Minor Penalty to Reilly Smith for Tripping.
11:31 of 2nd period - Andy Miele wins face-off versus Sidney Crosby in Predators zone.
11:31 of 2nd period - Andy Miele is hit by Teuvo Teravainen.
11:44 of 2nd period - Slapshot by Teuvo Teravainen.
11:44 of 2nd period - Shot Misses the Net.
11:46 of 2nd period - Slapshot by Tyler Johnson.
11:46 of 2nd period - Deflect By Teuvo Teravainen.
11:46 of 2nd period - Shot Misses the Net.
11:46 of 2nd period - Puck is out of play.
11:47 of 2nd period - Jaden Schwartz wins face-off versus Sidney Crosby in Predators zone.
12:32 of 2nd period - Nicolas Kerdiles is hit by Tyler Johnson and loses puck.
13:30 of 2nd period - Penalty to Reilly Smith is over, Reilly Smith is back on ice.
14:45 of 2nd period - Icing by Ryan Mcdonagh.
14:46 of 2nd period - Logan Couture wins face-off versus Jack Eichel in Predators zone.
14:53 of 2nd period - Nate Schmidt is hit by Justin Faulk and loses puck.
15:16 of 2nd period - Nate Schmidt is hit by Ryan Mcdonagh.
15:34 of 2nd period - Snap shot by Mikael Granlund.
15:34 of 2nd period - Stopped by John Gibson without a rebound.
15:35 of 2nd period - Andy Miele wins face-off versus Evgeni Malkin in Sabres zone.
15:38 of 2nd period - Snap shot by Reilly Smith.
15:38 of 2nd period - Stopped by John Gibson without a rebound.
15:39 of 2nd period - Evgeni Malkin wins face-off versus Andy Miele in Sabres zone.
16:34 of 2nd period - Slapshot by Nicolas Kerdiles.
16:34 of 2nd period - Stopped by John Gibson with a rebound.
16:52 of 2nd period - Snap shot by Adrian Kempe.
16:52 of 2nd period - Shot Misses the Net.
17:32 of 2nd period - Slapshot by Morgan Rielly.
17:32 of 2nd period - Shot Blocked by Ryan Mcdonagh.
17:34 of 2nd period - Slapshot by Nikita Zaitsev.
17:34 of 2nd period - Deflect By Sidney Crosby.
17:34 of 2nd period - Stopped by Kari Lehtonen without a rebound.
17:35 of 2nd period - Sidney Crosby wins face-off versus Scott Laughton in Predators zone.
18:00 of 2nd period - Wrist shot by Jaden Schwartz.
18:00 of 2nd period - Shot Misses the Net.
18:06 of 2nd period - Backhand shot by Aaron Ekblad.
18:06 of 2nd period - Stopped by Kari Lehtonen with a rebound.
18:08 of 2nd period - Slapshot by Aaron Ekblad.
18:08 of 2nd period - Shot Hit the Post.
18:10 of 2nd period - Snap shot by Sam Gagner.
18:10 of 2nd period - Stopped by Kari Lehtonen with a rebound.
18:17 of 2nd period - Icing by Mark Pysyk.
18:18 of 2nd period - Jack Eichel wins face-off versus Logan Couture in Predators zone.
18:25 of 2nd period - Snap shot by Colton Parayko.
18:25 of 2nd period - Shot Blocked by Justin Faulk.
18:31 of 2nd period - Snap shot by Adrian Kempe.
18:31 of 2nd period - Goal by Adrian Kempe - Predators : 2 - Sabres : 2.
18:32 of 2nd period - Jack Eichel wins face-off versus Tyler Johnson in neutral zone.
18:35 of 2nd period - Tyler Johnson is hit by Jack Eichel and loses puck.
18:40 of 2nd period - Wrist shot by Mikael Granlund.
18:40 of 2nd period - Stopped by John Gibson without a rebound.
18:41 of 2nd period - Sidney Crosby wins face-off versus Jack Eichel in Sabres zone.
18:41 of 2nd period - Sidney Crosby is hit by Jack Eichel.
Goals for this period are 1 for Predators vs 1 for Sabres.
Shots for this period are 10 for Predators vs 11 for Sabres.
3rd period
0:01 of 3rd period - Andy Miele wins face-off versus Evgeni Malkin in neutral zone.
0:34 of 3rd period - Snap shot by Jack Eichel.
0:34 of 3rd period - Stopped by John Gibson without a rebound.
0:35 of 3rd period - Jack Eichel wins face-off versus Evgeni Malkin in Sabres zone.
0:38 of 3rd period - Wrist shot by Mikael Granlund.
0:38 of 3rd period - Stopped by John Gibson without a rebound.
0:39 of 3rd period - Evgeni Malkin wins face-off versus Jack Eichel in Sabres zone.
0:41 of 3rd period - Minor Penalty to Nikita Zaitsev for Roughing.
0:42 of 3rd period - Jack Eichel wins face-off versus William Karlsson in Sabres zone.
0:44 of 3rd period - Snap shot by Claude Giroux.
0:44 of 3rd period - Shot Misses the Net.
0:46 of 3rd period - Slapshot by Justin Faulk.
0:46 of 3rd period - Shot Blocked by Ben Hutton.
0:48 of 3rd period - Slapshot by Justin Faulk.
0:48 of 3rd period - Shot Hit the Post.
0:50 of 3rd period - Snap shot by Mikael Granlund.
0:50 of 3rd period - Goal by Mikael Granlund - Predators : 3 - Sabres : 2.
0:51 of 3rd period - Evgeni Malkin wins face-off versus Andy Miele in neutral zone.
0:56 of 3rd period - Snap shot by William Nylander.
0:56 of 3rd period - Stopped by Kari Lehtonen with a rebound.
0:58 of 3rd period - Wrist shot by William Nylander.
0:58 of 3rd period - Stopped by Kari Lehtonen with a rebound.
1:14 of 3rd period - Minor Penalty to Andy Miele for Interference.
1:15 of 3rd period - Sidney Crosby wins face-off versus Jaden Schwartz in Predators zone.
1:20 of 3rd period - Snap shot by Tyler Johnson.
1:20 of 3rd period - Stopped by Kari Lehtonen with a rebound.
1:40 of 3rd period - Tyler Johnson is hit by Justin Faulk and loses puck.
2:09 of 3rd period - William Nylander is hit by Nicolas Kerdiles and loses puck.
3:14 of 3rd period - Penalty to Andy Miele is over, Andy Miele is back on ice.
3:31 of 3rd period - Snap shot by William Karlsson.
3:31 of 3rd period - Shot Misses the Net.
3:33 of 3rd period - Slapshot by Adrian Kempe.
3:33 of 3rd period - Stopped by Kari Lehtonen without a rebound.
3:34 of 3rd period - William Karlsson wins face-off versus Andy Miele in Predators zone.
5:03 of 3rd period - Reilly Smith is hit by Ryan Kesler and loses puck.
5:23 of 3rd period - Icing by Ben Hutton.
5:24 of 3rd period - Anton Gustafsson wins face-off versus Evgeni Malkin in Sabres zone.
5:42 of 3rd period - Minor Penalty to Evgeni Malkin for Holding.
5:43 of 3rd period - Jack Eichel wins face-off versus William Karlsson in Sabres zone.
5:45 of 3rd period - Wrist shot by Mikael Granlund.
5:45 of 3rd period - Goal by Mikael Granlund - Predators : 4 - Sabres : 2.
5:46 of 3rd period - Jack Eichel wins face-off versus Sidney Crosby in neutral zone.
5:52 of 3rd period - Minor Penalty to Teuvo Teravainen for Slashing.
5:53 of 3rd period - Jack Eichel wins face-off versus William Karlsson in Sabres zone.
5:59 of 3rd period - Slapshot by Justin Faulk.
5:59 of 3rd period - Deflect By Jack Eichel.
5:59 of 3rd period - Stopped by John Gibson without a rebound.
6:00 of 3rd period - William Karlsson wins face-off versus Jack Eichel in Sabres zone.
6:11 of 3rd period - Snap shot by Brian Ferlin.
6:11 of 3rd period - Stopped by Kari Lehtonen with a rebound.
6:13 of 3rd period - Slapshot by Colton Parayko.
6:13 of 3rd period - Shot Blocked by Ryan Mcdonagh.
6:15 of 3rd period - Snap shot by Colton Parayko.
6:15 of 3rd period - Stopped by Kari Lehtonen with a rebound.
7:23 of 3rd period - Slapshot by Nate Schmidt.
7:23 of 3rd period - Stopped by Kari Lehtonen with a rebound.
7:52 of 3rd period - Penalty to Teuvo Teravainen is over, Teuvo Teravainen is back on ice.
8:16 of 3rd period - Jaden Schwartz is hit by Evgeni Malkin and loses puck.
8:31 of 3rd period - Minor Penalty to Nikita Zaitsev for Slashing.
8:32 of 3rd period - William Karlsson wins face-off versus Jack Eichel in Sabres zone.
10:31 of 3rd period - Penalty to Nikita Zaitsev is over, Nikita Zaitsev is back on ice.
10:40 of 3rd period - Slapshot by Nikita Zaitsev.
10:40 of 3rd period - Stopped by Kari Lehtonen without a rebound.
10:41 of 3rd period - Scott Laughton wins face-off versus Evgeni Malkin in Predators zone.
11:06 of 3rd period - Slapshot by Nikita Zaitsev.
11:06 of 3rd period - Deflect By Anton Gustafsson.
11:06 of 3rd period - Stopped by Kari Lehtonen without a rebound.
11:07 of 3rd period - Sidney Crosby wins face-off versus Anton Gustafsson in Predators zone.
11:16 of 3rd period - Slapshot by John Moore.
11:16 of 3rd period - Stopped by John Gibson with a rebound.
11:53 of 3rd period - Snap shot by Logan Couture.
11:53 of 3rd period - Shot Misses the Net.
12:14 of 3rd period - Icing by Scott Laughton.
12:15 of 3rd period - William Karlsson wins face-off versus Jaden Schwartz in Predators zone.
12:28 of 3rd period - Slapshot by Scott Laughton.
12:28 of 3rd period - Stopped by John Gibson with a rebound.
12:30 of 3rd period - Slapshot by Ryan Mcdonagh.
12:30 of 3rd period - Shot Misses the Net.
12:40 of 3rd period - Mikael Granlund is hit by Sidney Crosby and loses puck.
12:47 of 3rd period - Nikita Zaitsev is hit by Mikael Granlund and loses puck.
13:00 of 3rd period - Wrist shot by Travis Dermott.
13:00 of 3rd period - Shot Misses the Net.
13:18 of 3rd period - Snap shot by Tyler Johnson.
13:18 of 3rd period - Stopped by Kari Lehtonen with a rebound.
13:20 of 3rd period - Snap shot by Sidney Crosby.
13:20 of 3rd period - Stopped by Kari Lehtonen with a rebound.
13:24 of 3rd period - Snap shot by Tyler Johnson.
13:24 of 3rd period - Stopped by Kari Lehtonen without a rebound.
13:25 of 3rd period - Evgeni Malkin wins face-off versus Jack Eichel in Predators zone.
13:40 of 3rd period - Slapshot by Mikael Granlund.
13:40 of 3rd period - Stopped by John Gibson with a rebound.
14:08 of 3rd period - Ryan Mcdonagh is hit by Ben Hutton and loses puck.
14:44 of 3rd period - Mikael Granlund is hit by Sidney Crosby and loses puck.
14:57 of 3rd period - Evgeni Malkin is hit by Alexander Ovechkin and loses puck.
15:47 of 3rd period - Wrist shot by Jack Eichel.
15:47 of 3rd period - Shot Misses the Net.
16:51 of 3rd period - Slapshot by Travis Dermott.
16:51 of 3rd period - Shot Blocked by William Nylander.
17:07 of 3rd period - Andreas Englund is hit by Colton Parayko and loses puck.
17:46 of 3rd period - Snap shot by Reilly Smith.
17:46 of 3rd period - Deflect By Andy Miele.
17:46 of 3rd period - Shot Misses the Net.
17:46 of 3rd period - Puck is out of play.
17:47 of 3rd period - Andy Miele wins face-off versus Logan Couture in Sabres zone.
18:00 of 3rd period - Slapshot by Aaron Ekblad.
18:00 of 3rd period - Shot Misses the Net.
18:02 of 3rd period - Snap shot by Logan Couture.
18:02 of 3rd period - Stopped by Kari Lehtonen without a rebound.
18:03 of 3rd period - Sidney Crosby wins face-off versus Scott Laughton in Predators zone.
18:10 of 3rd period - Slapshot by Teuvo Teravainen.
18:10 of 3rd period - Shot Misses the Net.
18:12 of 3rd period - Slapshot by Tyler Johnson.
18:12 of 3rd period - Goal by Tyler Johnson - Predators : 4 - Sabres : 3.
18:13 of 3rd period - Logan Couture wins face-off versus Scott Laughton in neutral zone.
18:23 of 3rd period - Off-side.
18:24 of 3rd period - Logan Couture wins face-off versus Mark Pysyk in neutral zone.
18:49 of 3rd period - Sabres, John Gibson is pulled from the net.
19:15 of 3rd period - Snap shot by Teuvo Teravainen.
19:15 of 3rd period - Stopped by Kari Lehtonen without a rebound.
19:16 of 3rd period - Randy Carlyle call a timeout for Sabres.
19:16 of 3rd period - Sidney Crosby wins face-off versus Claude Giroux in Predators zone.
19:17 of 3rd period - Snap shot by Tyler Johnson.
19:17 of 3rd period - Stopped by Kari Lehtonen with a rebound.
19:23 of 3rd period - Teuvo Teravainen is hit by Claude Giroux.
19:31 of 3rd period - Snap shot by Claude Giroux.
19:31 of 3rd period - Shot Misses the Net.
19:33 of 3rd period - Wrist shot by Mark Pysyk.
19:33 of 3rd period - Goal by Mark Pysyk - Predators : 5 - Sabres : 3.
19:33 of 3rd period - John Gibson from Sabres was sent back in the game.
19:34 of 3rd period - Logan Couture wins face-off versus Scott Laughton in neutral zone.
19:34 of 3rd period - Minor Penalty to Logan Couture for Tripping.
19:35 of 3rd period - Jack Eichel wins face-off versus William Karlsson in Sabres zone.
Goals for this period are 3 for Predators vs 1 for Sabres.
Shots for this period are 9 for Predators vs 16 for Sabres.